[Event "*** Titled Tuesday Blitz"]
[Site "Chess.com"]
[Date "2020.05.26"]
[Round "7"]
[White "Luibov_AN"]
[Black "CyberneticLion"]
[Result "0-1"]
[WhiteElo "2070"]
[BlackElo "2448"]
[TimeControl "180+1"]
[EndTime "11:21:21 PDT"]
[Termination "CyberneticLion won by resignation"]

1. d4 d5 2. c4 e6 3. Nf3 Nf6 4.
Nc3 c6 5. e3 Nbd7 6. Qc2 Bd6 7.
b3 O-O 8. Bd3 e5 9. dxe5 Nxe5 10. Nxe5 Bxe5 11. cxd5 Nxd5 12. Bb2 Qa5 13. Rc1 Nb4 14.
Bxh7+ Kh8 15. Qb1 Nxa2 16. O-O Nxc3 17. Bxc3 Bxc3 18. Bd3 Bf6 19. Qc2 Be6 20. Rb1 Qc3 21. Qe2 g6 22. Rfc1 Qb4 23. Qf3 Kg7 24. h3 Rfd8 25.
Bc4 Bxc4 26. Rxc4 Qd6 27. g4 Qd5 28. Qf4 Be5 29. Qe4 Qxe4 30. Rxe4 Bf6 31. f4 Re8 32.
Rb4 b6 33. Kf2 c5 34. Ra4 a5 35. g5 Bc3 36. Ra2 Rad8 37. Re2 Rd3 38. h4 b5 39. Rh1 a4 40. bxa4 bxa4 41. Rb1 a3 42. h5 gxh5 43. Rh1 Rdxe3 44. Rxe3 Bd4 45. Re1 Rxe3 46.
Rxe3 Bxe3+ 0-1

[Event "*** Titled Tuesday Blitz"]
[Site "Chess.com"]
[Date "2020.05.26"]
[Round "7"]
[White "Pultis"]
[Black "ama18"]
[Result "1-0"]
[WhiteElo "2725"]
[BlackElo "2522"]
[TimeControl "180+1"]
[EndTime "11:21:22 PDT"]
[Termination "Pultis won by checkmate"]

1. d4 Nf6 2. c4 e6 3. Nf3 a6 4.
Nc3 d5 5. cxd5 exd5 6. Bg5 Be6 7. Bxf6 Qxf6 8. Qb3 Ra7 9. e3 Qd8 10. Be2 c6 11. O-O Nd7 12. a4 Bd6 13. Qc2 O-O 14. e4 dxe4 15. Nxe4 Be7 16. Bc4 Bxc4 17. Qxc4 Nb6 18.
Qb3 Nd5 19. Ne5 Qc7 20. Rfe1 Raa8 21. Rac1 Rfd8 22. Qf3 f6 23. Nd3 Bd6 24. h4 Qf7 25. h5 Bf8 26. Ng3 Re8 27. Nf5 g6 28. Nh4 Bh6 29.
Rcd1 Rxe1+ 30. Rxe1 Re8 31. Re4 Bg5 32. g3 Bxh4 33.
hxg6 hxg6 34. Rxh4 Qg7 35. a5 g5 36. Re4 Qg6 37. Rxe8+ Qxe8 38. Nc5 Qe1+ 39. Kg2 Qe7 40. Qf5 Qc7 41. Qg6+ Kh8 42. Qe8+ Kh7 43. Nd7 Qxa5 44. Qf7+ Kh8 45. Nf8 Qa1 46. Ng6# 1-0

[Event "*** Titled Tuesday Blitz"]
[Site "Chess.com"]
[Date "2020.05.26"]
[Round "7"]
[White "heartofatiger"]
[Black "ljuks68"]
[Result "1-0"]
[WhiteElo "2501"]
[BlackElo "2340"]
[TimeControl "180+1"]
[EndTime "11:21:23 PDT"]
[Termination "heartofatiger won by checkmate"]

1. Nf3 d5 2. g3 Nc6 3. d4 Bg4 4. Nbd2 Qd7 5. h3 Bf5 6. c3 Nf6 7. Bg2 h6 8. b4 a6 9. a4 Ne4 10. Bb2 f6 11. Nh4 Bh7 12. Nxe4 dxe4 13. Bf1 e5 14. e3 exd4 15. exd4 Bd6 16. Qh5+ Qf7 17. Qxf7+ Kxf7 18. Bc4+ Ke7 19. g4 e3 20. Nf5+ Bxf5 21. gxf5 exf2+ 22. Kxf2 Rhe8 23. b5 axb5 24. axb5 Rxa1 25.
Rxa1 Nd8 26. Bd5 Kd7 27. Rg1 Re7 28. Kf3 c6 29. Bc4 Kc7 30. Bc1 Kb6 31. Bd2 c5 32. Ra1 Nf7 33. h4 Kc7 34. Ra8 cxd4 35. cxd4 Bh2 36.
Ba5+ b6 37. Ra7+ Kd8 38. Bxb6+ Ke8 39. Ra8+ Kd7 40. Be6+ Kd6 41. Rc8 Rb7 42. Bc5# 1-0

[Event "*** Titled Tuesday Blitz"]
[Site "Chess.com"]
[Date "2020.05.26"]
[Round "7"]
[White "cukin84"]
[Black "DishonorOnYourCow"]
[Result "1-0"]
[WhiteElo "2190"]
[BlackElo "2300"]
[TimeControl "180+1"]
[EndTime "11:21:23 PDT"]
[Termination "cukin84 won by checkmate"]

1. e4 c5 2. Nc3 Nc6 3. Bb5 Nd4 4.
Bc4 e6 5. Nf3 g6 6. Nxd4 cxd4 7.
Nb5 Qb6 8. c3 dxc3 9. bxc3 a6 10. Nd4 Bg7 11. O-O Ne7 12. Ba3 d6 13. Rb1 Qc7 14.
Bb3 O-O 15. f4 b5 16. Kh1 Bb7 17. Qe2 Nc6 18. Nxc6 Bxc6 19. f5 exf5 20. exf5 Rae8 21. Qg4 Be4 22. f6 Bh8 23. Rbe1 Bd3 24. Rg1 Bxf6 25. Qf3 Bf5 26. g4 Bd7 27. Rxe8 Bc6 28. Bd5 Bxd5 29.
Qxd5 Rxe8 30. Bxd6 Qd7 31. c4 bxc4 32. Qc5 Rd8 33. Bf4 Qb7+ 34. Rg2 Re8 35. h3 Re4 36. Bh6 Re8 37. Kh2 Be5+ 38. Kh1 Bf6 39. g5 Be7 40. Qd4 Bf8 41. h4 Re7 42. Bxf8 Kxf8 43. Qh8# 1-0

[Event "*** Titled Tuesday Blitz"]
[Site "Chess.com"]
[Date "2020.05.26"]
[Round "7"]
[White "Slovak_fighter2000"]
[Black "Gentle_Emperor"]
[Result "1-0"]
[WhiteElo "2482"]
[BlackElo "2319"]
[TimeControl "180+1"]
[EndTime "11:21:24 PDT"]
[Termination "Slovak_fighter2000 won on time"]

1. d4 Nf6 2. c4 e6 3. Nf3 d5 4. Nc3 c6 5. e3 Bd6 6. Qc2 Nbd7 7. g4 Nxg4 8. Rg1 Qf6 9. Rxg4 Qxf3 10. Rxg7 Nf6 11. Rg2 h5 12. Qe2 Qf5 13. Qd3 Qxd3 14.
Bxd3 h4 15. h3 e5 16. cxd5 Bxh3 17. Rg1 cxd5 18. dxe5 Bxe5 19. Bd2 Bh2 20. Rh1 Ng4 21. O-O-O Bg2 22. Bf5 Bxh1 23. Rxh1 Nh6 24. Bh3 Be5 25. Nxd5 Rd8 26. e4 f5 27. f3 Bg3 28. Bc3 Rxd5 29. exd5 Rg8 30. Bd2 Nf7 31. Bxf5 Nd6 32. Be6 Rf8 33. Bg5 Rxf3 34. Bxh4 Bf4+ 35. Kc2 Ne4 36. Rg1 Bg3 37. Bxg3 Nxg3 38. d6 Rf6 39. Bh3 Ne4 40.
d7+ Ke7 41. Rg8 Rd6 42. Re8+ Kf7 43. Rxe4 1-0

[Event "*** Titled Tuesday Blitz"]
[Site "Chess.com"]
[Date "2020.05.26"]
[Round "7"]
[White "AsselLesbekova"]
[Black "PavelShkapenko"]
[Result "1-0"]
[WhiteElo "2285"]
[BlackElo "2628"]
[TimeControl "180+1"]
[EndTime "11:21:24 PDT"]
[Termination "AsselLesbekova won by resignation"]

1. e4 c5 2. c4 Nc6 3. Nc3 g6 4. g3 Bg7 5. Bg2 e6 6. Nge2 Nge7 7. O-O O-O 8. d3 d6 9. Be3 Nd4 10. f4 f5 11. h3 Nec6 12. Kh2 Rb8 13. a4 Bd7 14. Rb1 a6 15. g4 Nxe2 16. Nxe2 b5 17. axb5 axb5 18. exf5 exf5 19. g5 Qe7 20. Bg1 b4 21. d4 Rbd8 22. Re1 Kh8 23. dxc5 dxc5 24. Ng3 Qf7 25. Bd5 Be6 26. Rxe6 Nd4 27. Re5 Qc7 28. Bxd4 cxd4 29. Qxd4 h5 30. h4 Kh7 31. Rbe1 Rfe8 32. b3 Qd6 33. Qa7 Rxe5 34. fxe5 Qf8 35. e6 Qd6 36. e7 Re8 37. Bf7 Qf4 38. Bxe8 Qxh4+ 39. Kg2 f4 40. Bxg6+ 1-0

[Event "*** Titled Tuesday Blitz"]
[Site "Chess.com"]
[Date "2020.05.26"]
[Round "7"]
[White "dosto07"]
[Black "MartinMatthiesen"]
[Result "0-1"]
[WhiteElo "2150"]
[BlackElo "2379"]
[TimeControl "180+1"]
[EndTime "11:21:25 PDT"]
[Termination "MartinMatthiesen won on time"]

1. e4 c5 2. Nf3 d6 3. Bb5+ Bd7 4. Bxd7+ Nxd7 5. O-O Ngf6 6. Qe2 e6 7. c4 Be7 8. d4 cxd4 9. Nxd4 O-O 10. Nc3 a6 11. b3 Qa5 12. Bb2 Rac8 13. Rad1 Rfd8 14.
f4 Qh5 15. Rf3 Bf8 16. Qf1 Nc5 17. Rh3 Qg4 18. Rg3 Qh5 19. Re1 d5 20. cxd5 h6 21. d6 Rxd6 22. Nf3 Rdd8 23. Ne5 Rd2 24. Bc1 Rc2 25. Rh3 Qxh3 26. gxh3 Rxc3 27. Re3 Ncxe4 28. Rxc3 Rxc3 29. Bb2 Rc2 30. Bd4 Rxa2 31. Qc4 Nd2 32. Qc8 Ra3 33. Kg2 Rxb3 34. Nd7 Nxd7 35. Qxd7 Rd3 36.
Qd8 Nf3 37. Kf2 Nxd4 38. Qb8 Nc6 0-1

[Event "*** Titled Tuesday Blitz"]
[Site "Chess.com"]
[Date "2020.05.26"]
[Round "7"]
[White "CrazyMartian"]
[Black "chessfrendz"]
[Result "1-0"]
[WhiteElo "2314"]
[BlackElo "2389"]
[TimeControl "180+1"]
[EndTime "11:21:26 PDT"]
[Termination "CrazyMartian won by resignation"]

1. d4 d5 2. Bf4 c5 3. e3 Nc6 4. c3 g6 5. Nd2 Bg7 6. Ngf3 Qb6 7.
Qb3 c4 8. Qxb6 axb6 9. e4 e6 10. exd5 exd5 11. a3 Nge7 12. Be2 b5 13. O-O O-O 14.
Rfe1 Re8 15. Nf1 Na5 16. Bd1 Be6 17. Bc2 Bf5 18. Ne3 Bxc2 19. Nxc2 Nb3 20. Rad1 Nc6 21.
Kf1 Re6 22. Rxe6 fxe6 23. Re1 Re8 24. Ne3 h6 25. h4 Kh7 26. Ng4 h5 27. Ng5+ Kg8 28.
Ne5 Nxe5 29. Bxe5 Bh6 30. Bf4 Bxg5 31. hxg5 Kf7 32. Be5 Ke7 33. Ke2 Rf8 34. Bf6+ Kd7 35. Rh1 Na5 36. g4 hxg4 37. Rh7+ Kc6 38. Rg7 Rh8 39.
Rxg6 Rh2 40. Rh6 Rg2 41. Kf1 Rxf2+ 42. Kxf2 1-0

[Event "*** Titled Tuesday Blitz"]
[Site "Chess.com"]
[Date "2020.05.26"]
[Round "7"]
[White "PIwan"]
[Black "zurzan"]
[Result "1-0"]
[WhiteElo "2504"]
[BlackElo "1946"]
[TimeControl "180+1"]
[EndTime "11:21:26 PDT"]
[Termination "PIwan won by checkmate"]

1. c4 d6 2. Nc3 f5 3. d4 Nf6 4. g3 g6 5. Bg2 Bg7 6. Nf3 O-O 7. O-O c6 8. b3 Na6 9. Bb2 Qc7 10. Re1 e5 11. dxe5 dxe5 12. e4 f4 13. gxf4 exf4 14. e5 Rd8 15. Qe2 Nh5 16. e6 Re8 17.
Bh3 Qe7 18. Ne4 Bxb2 19. Qxb2 Bxe6 20. Neg5 Qg7 21. Qxg7+ Nxg7 22. Nxe6 Nxe6 23. Bxe6+ Kg7 24. Bh3 Nc5 25. Rad1 Kf6 26. b4 Ne4 27. Rd4 Ng5 28.
Rxf4+ Kg7 29. Nxg5 Rxe1+ 30. Kg2 h6 31. Ne6+ Kg8 32. Rf6 g5 33. Rg6+ Kf7 34. Rxh6 g4 35. Bxg4 Rg8 36. h3 Rg6 37. Rh7+ Kf6 38. Nf4 Rg7 39.
Nh5+ Kg6 40. Rxg7+ Kh6 41. Rxb7 Re4 42. c5 a5 43.
bxa5 Ra4 44. Rb6 Rxa5 45. Rxc6+ Kg5 46. Kg3 Ra3+ 47. f3 Rc3 48. h4# 1-0

[Event "*** Titled Tuesday Blitz"]
[Site "Chess.com"]
[Date "2020.05.26"]
[Round "7"]
[White "poummba"]
[Black "Bubachess1608"]
[Result "1-0"]
[WhiteElo "2481"]
[BlackElo "2311"]
[TimeControl "180+1"]
[EndTime "11:21:27 PDT"]
[Termination "poummba won on time"]

1. e4 c5 2. Nf3 e6 3. b3 d5 4.
exd5 Qxd5 5. Nc3 Qd8 6. Bb5+ Bd7 7. O-O a6 8. Bd3 Nf6 9. Bb2 Be7 10. Ne4 Qc7 11. Be5 Qb6 12. a4 Bc6 13. Nxf6+ Bxf6 14. Bxf6 gxf6 15. Qe2 Nd7 16. Be4 Rc8 17. Rfe1 Bxe4 18. Qxe4 Qc6 19. Qf4 Qd5 20. c4 Qd3 21. Re3 Qg6 22. Rae1 Rc6 23. d4 cxd4 24. Nxd4 Rc5 25.
Qd6 Re5 26. g3 h5 27. c5 h4 28. c6 Rd5 29. Qxd5 bxc6 30. Qxc6 hxg3 31. fxg3 Qh6 32. R1e2 Qg6 33. Nxe6 fxe6 34. Rxe6+ Kd8 35. Rd2 Qb1+ 36. Kg2 Rh7 37. Red6 1-0

[Event "*** Titled Tuesday Blitz"]
[Site "Chess.com"]
[Date "2020.05.26"]
[Round "7"]
[White "krasavetc"]
[Black "Nikolaj_6"]
[Result "0-1"]
[WhiteElo "2250"]
[BlackElo "2505"]
[TimeControl "180+1"]
[EndTime "11:21:27 PDT"]
[Termination "Nikolaj_6 won on time"]

1. e4 c5 2. Nf3 d6 3. c3 Nf6 4. Be2 Bd7 5. e5 dxe5 6. Nxe5 Nc6 7. Nxd7 Qxd7 8. O-O e6 9. a3 Be7 10. b4 b6 11. Bf3 Rc8 12. bxc5 bxc5 13. Bb2 O-O 14. d4 cxd4 15. cxd4 Rfd8 16. Bxc6 Rxc6 17. Nd2 Rb8 18. Rb1 Rcb6 19. Nc4 Rb3 20. Qc2 Qb5 21. a4 Qxa4 22. Ra1 Qb5 23. Rxa7 Nd5 24. Ba1 h6 25. Ne5 Rb1 26.
Qd3 Qxd3 27. Nxd3 Bf6 28. g3 Kh7 29. Rxb1 Rxb1+ 30. Kg2 Rd1 31. Ne5 Bxe5 32. dxe5 Kg6 33. Bb2 h5 34. Ba1 h4 35. gxh4 Nf4+ 36. Kf3 Nd3 37. Kg2 Rb1 38. Bd4 Kf5 39. Be3 Nxe5 40. f4 Ng4 0-1

[Event "*** Titled Tuesday Blitz"]
[Site "Chess.com"]
[Date "2020.05.26"]
[Round "7"]
[White "Gabix_94"]
[Black "iwanyu"]
[Result "1-0"]
[WhiteElo "2927"]
[BlackElo "2789"]
[TimeControl "180+1"]
[EndTime "11:21:28 PDT"]
[Termination "Gabix_94 won on time"]

1. d4 Nf6 2. Nf3 e6 3. e3 c5 4.
b3 d5 5. Bb2 Nc6 6. a3 cxd4 7.
exd4 g6 8. Bd3 Bg7 9. O-O O-O 10. Nbd2 b6 11. Re1 Bb7 12. Qe2 Rc8 13. Rac1 Nd7 14. h3 Nc5 15. Bb5 a6 16. Bxc6 Bxc6 17. Ne5 Nd7 18.
Nxc6 Rxc6 19. Qxa6 Bh6 20. Qe2 Qc7 21. c3 Nf6 22.
Rc2 Rc8 23. Nf3 Qb7 24. Ne5 R6c7 25. Bc1 Bf8 26. Qf3 Ne4 27. Bb2 b5 28. h4 Bg7 29. h5 f6 30. Nd3 f5 31. hxg6 Bxd4 32. Nf4 Qb6 33. Rce2 Be5 34. Nd3 Bf6 35. Nf4 Rg7 36.
Nh5 Rxg6 37. Nxf6+ Rxf6 38. c4 Rg6 39. cxd5 exd5 40.
Qxf5 Qc6 41. Rc1 Qxc1+ 42. Bxc1 Rxc1+ 43. Kh2 Rh6+ 44. Qh3 Rxh3+ 45. Kxh3 Rc3+ 46. f3 Rxb3 47. Kg4 Nf6+ 48. Kf5 Kf7 49. Rc2 d4 50. Rc7+ Ke8 51. Kxf6 d3 52. Ke6 Kd8 53. Rxh7 Rxa3 54. Kd6 Ra6+ 55.
Kc5 d2 56. Rh1 Ra2 57. Rd1 1-0

[Event "*** Titled Tuesday Blitz"]
[Site "Chess.com"]
[Date "2020.05.26"]
[Round "7"]
[White "Kildepiotr"]
[Black "eCztery"]
[Result "1-0"]
[WhiteElo "2485"]
[BlackElo "2329"]
[TimeControl "180+1"]
[EndTime "11:21:28 PDT"]
[Termination "Kildepiotr won on time"]

1. Nf3 c5 2. g3 Nc6 3. Bg2 e5 4. O-O g6 5. e4 Bg7 6. c3 Nge7 7. Na3 O-O 8. d4 cxd4 9. cxd4 exd4 10. Nb5 Qb6 11. Nd6 Ne5 12. Nxe5 Bxe5 13. Nc4 Qc7 14.
Nxe5 Qxe5 15. Bf4 Qf6 16. e5 Qb6 17. Qd2 Re8 18. Bg5 d6 19. Rfe1 dxe5 20. Rxe5 f6 21. Bd5+ Kh8 22. Bf4 Bg4 23. Rae1 Qd8 24. Bb3 Kg7 25.
Bh6+ Kh8 26. Qf4 Bf5 27. Qh4 Qd6 28. Re6 g5 29. Rxd6 gxh4 30. Rxf6 Bg6 31. Rfe6 hxg3 32. Rxe7 gxh2+ 33. Kxh2 1-0

[Event "*** Titled Tuesday Blitz"]
[Site "Chess.com"]
[Date "2020.05.26"]
[Round "7"]
[White "Falia-p"]
[Black "thedjoker98"]
[Result "0-1"]
[WhiteElo "2309"]
[BlackElo "2474"]
[TimeControl "180+1"]
[EndTime "11:21:28 PDT"]
[Termination "thedjoker98 won by resignation"]

1. e4 e5 2. Nf3 Nc6 3. Bb5 g6 4.
O-O Bg7 5. d3 Nge7 6. c3 O-O 7. h3 a6 8. Ba4 d6 9. Nbd2 b5 10. Bb3 Bb7 11. Re1 Na5 12. Bc2 c5 13. Nf1 Rc8 14. Ne3 d5 15. Qe2 d4 16. Ng4 Nac6 17. a4 dxc3 18. bxc3 b4 19. c4 Nd4 20. Nxd4 cxd4 21. a5 Qd6 22. Rf1 f5 23. Nh2 Rcd8 24. Bg5 Rd7 25. Ba4 Rc7 26. Rac1 Qc5 27. Ra1 Nc8 28.
Bb3 Nd6 29. f3 Bc6 30. Bd2 Rb8 31. Qe1 Bf8 32. g4 f4 33. Kg2 Nb7 34. Qh4 Nxa5 35. Rxa5 Qxa5 36. g5 Qc5 37. Ng4 Bg7 38. Nf6+ Bxf6 39.
gxf6 a5 40. Qg5 a4 41. Bd1 b3 42. h4 Be8 43. h5 a3 44. hxg6 Bxg6 45. Rh1 a2 46.
Rxh7 Rxh7 47. f7+ Kxf7 48. Qxe5 Qxe5 0-1

[Event "*** Titled Tuesday Blitz"]
[Site "Chess.com"]
[Date "2020.05.26"]
[Round "7"]
[White "Blitzstream"]
[Black "rasmussvane"]
[Result "0-1"]
[WhiteElo "2692"]
[BlackElo "2860"]
[TimeControl "180+1"]
[EndTime "11:21:29 PDT"]
[Termination "rasmussvane won by resignation"]

1. d4 d5 2. Bf4 Nf6 3. e3 e6 4.
Nf3 Bd6 5. Bd3 O-O 6. O-O c5 7. c3 b6 8. Qe2 a5 9. Na3 Ba6 10.
Nb5 Bxf4 11. exf4 c4 12. Bc2 Bxb5 13. Ne5 Bc6 14. g4 Bb7 15. g5 Ne4 16. Qh5 Nd7 17. f3 g6 18. Qh6 Nd6 19. Ng4 f5 20. Nf2 Qe7 21. Rae1 Rae8 22. Qh4 b5 23. Qg3 b4 24.
h4 b3 25. Bb1 bxa2 26. Bxa2 Bc6 27. Bb1 Qf7 28. Re2 Rb8 29. Nd1 Ba4 30. Ne3 Bc6 31. Rh2 a4 32. Bc2 Rxb2 33. h5 gxh5 34. Nd1 Ra2 35.
Rff2 a3 36. Rh4 Ra8 37. Rfh2 Rxc2 38. Rxc2 a2 39. Rch2 a1=Q 40. Rxh5 Qxd1+ 41. Kg2 Ra2+ 42. Kh3 Qxh5+ 0-1

[Event "*** Titled Tuesday Blitz"]
[Site "Chess.com"]
[Date "2020.05.26"]
[Round "7"]
[White "MichailovM"]
[Black "Paladin61"]
[Result "1/2-1/2"]
[WhiteElo "2430"]
[BlackElo "2625"]
[TimeControl "180+1"]
[EndTime "11:21:29 PDT"]
[Termination "Game drawn by repetition"]

1. e4 c5 2. Nf3 d6 3. d4 cxd4 4.
Nxd4 Nf6 5. Nc3 a6 6. Bg5 Nbd7 7. f4 Qc7 8. Qf3 h6 9. Bxf6 Nxf6 10. Be2 e6 11.
O-O-O Be7 12. g4 Nd7 13. h4 b5 14. a3 Bb7 15. g5 hxg5 16. hxg5 Rxh1 17. Qxh1 g6 18. Qh7 Nf8 19. Qg7 Rc8 20. Kb1 e5 21. fxe5 dxe5 22. Ndxb5 axb5 23. Bxb5+ Bc6 24. Nd5 Qb7 25.
Qxe5 Ne6 26. Qh8+ Nf8 27. Bxc6+ Qxc6 28. c3 Qc4 29. Qe5 Ne6 30. Nxe7 Kxe7 31. Qf6+ Ke8 32.
Qh8+ Ke7 33. Qf6+ Ke8 34. Qh8+ Ke7 35. Qf6+ 1/2-1/2

[Event "*** Titled Tuesday Blitz"]
[Site "Chess.com"]
[Date "2020.05.26"]
[Round "7"]
[White "GMaka"]
[Black "Matveev_Vladimir"]
[Result "0-1"]
[WhiteElo "2395"]
[BlackElo "2569"]
[TimeControl "180+1"]
[EndTime "11:21:29 PDT"]
[Termination "Matveev_Vladimir won on time"]

1. d4 Nf6 2. Bf4 g6 3. Nc3 c5 4. d5 Bg7 5. Qd2 O-O 6. h4 b5 7. h5 b4 8. Nd1 Bb7 9. d6 Ne4 10. Qd3 exd6 11. Qh3 g5 12. h6 Bh8 13. Nf3 f6 14. Bc1 Qe7 15. Ne3 Qe6 16. Qf5 Nc6 17.
g4 Ne7 18. Qxe6+ dxe6 19. Bg2 d5 20. O-O Ng6 21. Rb1 Nf4 22. Re1 Ba6 23. Bf1 d4 24. Ng2 Nh3+ 25. Kh2 Nhxf2 26. Nd2 Nxg4+ 27. Kg1 Ng3 28.
e4 Bxf1 29. Nxf1 Nxf1 30. Rxf1 Ne5 31. Bd2 Rad8 32. Rbe1 a5 33. Re2 c4 34. b3 d3 35. cxd3 c3 36. Be3 Rxd3 37. Bb6 Ra8 38. Bc7 Ng4 39. Ne1 Rd7 0-1

[Event "*** Titled Tuesday Blitz"]
[Site "Chess.com"]
[Date "2020.05.26"]
[Round "7"]
[White "El_ultimo_Pablo"]
[Black "BogdanBelyakov89"]
[Result "0-1"]
[WhiteElo "2426"]
[BlackElo "2638"]
[TimeControl "180+1"]
[EndTime "11:21:30 PDT"]
[Termination "BogdanBelyakov89 won on time"]

1. d4 Nf6 2. Nf3 g6 3. c4 Bg7 4.
Nc3 O-O 5. e4 d6 6. Be2 e5 7.
O-O Nc6 8. d5 Ne7 9. b4 Nh5 10.
Re1 f5 11. Ng5 Nf6 12. Bf3 c6 13. Bb2 h6 14. Ne6 Bxe6 15. dxe6 fxe4 16. Nxe4 Nxe4 17.
Rxe4 d5 18. cxd5 cxd5 19. Rxe5 Bxe5 20. Bxe5 Kh7 21. Bb2 Qb6 22. Qd2 Rac8 23. Re1 Rc4 24. a3 a5 25. bxa5 Qc5 26. Bc1 Rcf4 27. Qd3 R4f5 28. Bd2 Nc6 29. Be3 d4 30. Bd2 Ne5 31. Qe4 Nxf3+ 32. gxf3 Re8 33. Bb4 Qc6 34. Qxc6 bxc6 35.
e7 c5 36. Bd2 Rf7 37. a6 Rexe7 38. Rc1 Ra7 39. Rxc5 Rxa6 40. Bb4 Rd7 41. Rc2 d3 42. Rd2 Re6 43. Kf1 g5 44. Bc3 Kg6 45. Bb4 Kf5 46.
Bc3 h5 47. Bb4 h4 48. Bc3 h3 49. Bb4 Kf4 50. Bc3 Kxf3 51. Bb4 Re2 0-1

[Event "*** Titled Tuesday Blitz"]
[Site "Chess.com"]
[Date "2020.05.26"]
[Round "7"]
[White "Ranindu2003"]
[Black "Enriquack"]
[Result "1-0"]
[WhiteElo "2512"]
[BlackElo "2331"]
[TimeControl "180+1"]
[EndTime "11:21:31 PDT"]
[Termination "Ranindu2003 won on time"]

1. e4 c5 2. Nf3 e6 3. d4 cxd4 4.
Nxd4 Nc6 5. Nc3 Qc7 6. g3 a6 7. Bg2 Nf6 8. O-O Bc5 9. Be3 Ne5 10. h3 Nc4 11. Bc1 d6 12. b3 Ne5 13. Bb2 O-O 14.
Nce2 Bd7 15. c4 b5 16. cxb5 axb5 17. Kh1 Qb6 18. f4 Nc6 19. a3 e5 20. Nxc6 Bxc6 21. b4 Be3 22. Qd3 Rad8 23. Rf3 Nxe4 24. Qxe3 Qb7 25. Rff1 Nd2 26. Qxd2 Bxg2+ 27. Kg1 Bxf1 28. Rxf1 Qe4 29. Nc3 Qg6 30. Kh2 exf4 31. Rxf4 Rfe8 32. Rf2 h5 33. Nd5 h4 34. g4 Qe4 35. Qg5 1-0

[Event "*** Titled Tuesday Blitz"]
[Site "Chess.com"]
[Date "2020.05.26"]
[Round "7"]
[White "miroslavsavic"]
[Black "ChronicUnhappiness"]
[Result "0-1"]
[WhiteElo "2061"]
[BlackElo "2283"]
[TimeControl "180+1"]
[EndTime "11:21:31 PDT"]
[Termination "ChronicUnhappiness won on time"]

1. Nf3 Nf6 2. c4 e6 3. Nc3 d5 4. d4 Bb4 5. Bg5 h6 6. Bxf6 Qxf6 7. e3 O-O 8. Qb3 c5 9. a3 Bxc3+ 10. bxc3 dxc4 11. Bxc4 Nc6 12. O-O Na5 13. Qa4 Nxc4 14. Qxc4 cxd4 15. cxd4 b6 16. Ne5 Bb7 17. f3 Rfc8 18. Qd3 Rc7 19. Rfc1 Rac8 20. Qd2 Qe7 21. h3 f6 22. Ng6 Rxc1+ 23. Rxc1 Qxa3 24. Rxc8+ Bxc8 25. Kh1 Bd7 26. e4 a5 27. e5 Kh7 28. Qc2 f5 29.
Qc7 Qa1+ 30. Kh2 Qxd4 31. Nf8+ Kg8 32. Nxd7 Qd5 33. Qd8+ Kh7 34. Nf8+ Kg8 35. Nd7+ Kf7 36. Qf8+ Kg6 37. Qe8+ Kh7 38. Nf8+ Kg8 0-1

[Event "*** Titled Tuesday Blitz"]
[Site "Chess.com"]
[Date "2020.05.26"]
[Round "7"]
[White "DACF2905"]
[Black "Gandrade2"]
[Result "1-0"]
[WhiteElo "2266"]
[BlackElo "2015"]
[TimeControl "180+1"]
[EndTime "11:21:31 PDT"]
[Termination "DACF2905 won on time"]

1. c4 Nf6 2. g3 g6 3. Bg2 Bg7 4. Nc3 O-O 5. e3 d6 6. Nge2 c5 7. d4 Nc6 8. O-O Rb8 9. b3 Re8 10. d5 Nb4 11. a3 Na6 12. Bb2 e6 13. e4 exd5 14. exd5 Nc7 15. Re1 a6 16. a4 Bd7 17.
Bc1 b5 18. axb5 axb5 19. Bf4 Bg4 20. Ra7 bxc4 21. bxc4 Nh5 22. Qd2 Nxf4 23. Nxf4 Rb3 24. Rxe8+ Nxe8 25. Nb5 Qb8 26. Re7 Bf6 27. Re1 Be5 28. h3 Bd7 29. Nd3 Bg7 30. Qc2 Rxb5 31.
cxb5 Bxb5 32. Nb2 Nc7 33. Nc4 Bxc4 34. Qxc4 Qb2 35. Re2 Qa1+ 36. Kh2 Qa8 37. f4 Ne8 38. Qb5 Nf6 39. Qc6 Bf8 40. Qxa8 1-0

[Event "*** Titled Tuesday Blitz"]
[Site "Chess.com"]
[Date "2020.05.26"]
[Round "7"]
[White "emiliocordova"]
[Black "stoleriu"]
[Result "1-0"]
[WhiteElo "2726"]
[BlackElo "2559"]
[TimeControl "180+1"]
[EndTime "11:21:32 PDT"]
[Termination "emiliocordova won by resignation"]

1. d4 e6 2. c4 b6 3. Nf3 Bb7 4. a3 f5 5. Nc3 Nf6 6. Bf4 Be7 7. e3 O-O 8. h3 Ne4 9. Be2 Nxc3 10. bxc3 d6 11.
Bh2 Nd7 12. a4 a5 13. O-O Nf6 14. Rb1 Ne4 15. Qc2 Kh8 16. c5 dxc5 17. Ne5 Bd6 18. Rfd1 Qe7 19. Bf3 Rad8 20. c4 Ba8 21. Qb2 Qe8 22.
Ra1 Qe7 23. Rdc1 Qe8 24. Qb5 Qxb5 25. cxb5 cxd4 26. exd4 f4 27. h4 Bxe5 28. dxe5 Rf7 29. Bg4 Bd5 30. Ra3 Nc5 31. h5 Rdf8 32. Rac3 Rd8 33. Bh3 Rdd7 34. Ra3 h6 35. f3 Kg8 36. Rcc3 Nb7 37. Kf2 Nc5 38. Ke1 Rde7 39. Bg1 Nb7 40.
Bf2 Rd7 41. Ra1 Kf8 42. Rac1 Ke8 43. Bg4 Kd8 44. Kf1 Kc8 45. Bxb6 Rde7 46. Kg1 Rd7 47. Ba7 Kd8 48. Rc6 Bxc6 49. bxc6 Rd2 50. cxb7 Re7 1-0

[Event "*** Titled Tuesday Blitz"]
[Site "Chess.com"]
[Date "2020.05.26"]
[Round "7"]
[White "FairChess_on_YouTube"]
[Black "A-Adly"]
[Result "1-0"]
[WhiteElo "3030"]
[BlackElo "2830"]
[TimeControl "180+1"]
[EndTime "11:21:33 PDT"]
[Termination "FairChess_on_YouTube won by resignation"]

1. e4 c6 2. Nf3 d5 3. d3 dxe4 4. dxe4 Qxd1+ 5. Kxd1 Bg4 6. Be2 Bxf3 7. Bxf3 Nd7 8. Ke2 e6 9. Bf4 Ne7 10. g3 Ng6 11. Bd2 h5 12. Bc3 h4 13. Nd2 Nge5 14.
Bg2 O-O-O 15. f4 Ng6 16. Nf3 Be7 17. Bh3 hxg3 18. hxg3 Bf6 19. e5 Be7 20. f5 Ngf8 21. Nd4 Nc5 22. Kf3 Kc7 23. Bg4 Rxh1 24. Rxh1 Na4 25.
fxe6 Nxc3 26. bxc3 fxe6 27. Ke4 Bc5 28. Rf1 a5 29. Rf7+ Rd7 30. Rxf8 Rxd4+ 31. cxd4 Bxf8 32. Bxe6 Kd8 33. c4 b5 34. cxb5 cxb5 35. d5 Bc5 36. d6 Bf2 37. g4 b4 38. Bb3 Bg3 39. Kd5 Bh4 40. e6 Ke8 41. Ba4+ Kd8 42. Kc4 b3 43. axb3 Bg5 44. Kb5 Bf4 45. e7+ Kd7 46. Kc4+ 1-0

[Event "*** Titled Tuesday Blitz"]
[Site "Chess.com"]
[Date "2020.05.26"]
[Round "7"]
[White "Joshukid"]
[Black "ChelsieMonica"]
[Result "1-0"]
[WhiteElo "2631"]
[BlackElo "2393"]
[TimeControl "180+1"]
[EndTime "11:21:33 PDT"]
[Termination "Joshukid won by resignation"]

1. d4 Nf6 2. Nc3 d5 3. Bf4 g6 4. e3 Bg7 5. h4 Nc6 6. h5 Nxh5 7. Rxh5 gxh5 8. Qxh5 Be6 9. Nb5 Rc8 10. Nf3 a6 11.
Ng5 Qd7 12. Nxc7+ Rxc7 13. Bxc7 Qxc7 14. Nxe6 Qa5+ 15. c3 Bf6 16. Nf4 e5 17. dxe5 Bxe5 18. Nd3 Bf6 19. Rd1 O-O 20. a3 Re8 21. Nf4 d4 22. Qxa5 Nxa5 23. cxd4 Nb3 24. Bc4 Nxd4 25. Nh5 Bh8 26. Kf1 Nc6 27. Rd7 Ne5 28. Rc7 Nxc4 29. Rxc4 Bxb2 30. a4 Rd8 31. Rb4 Bc3 32. Rxb7 Kf8 33. Nf4 Rd2 34. g4 Rd1+ 35. Kg2 Ra1 36. Nd5 Be5 37. f4 Ra2+ 38. Kf3 Ba1 39.
Ne7 Rxa4 40. Nf5 Ke8 41. Nd6+ Kd8 42. Nxf7+ Kc8 43. Nd6+ Kd8 44. Rxh7 Rb4 45. Ra7 Rb6 46. Nc4 Rc6 47. Ne5 Rb6 48. g5 Ke8 49. Nc4 Rc6 50. Nd2 a5 51. Rxa5 Bc3 52. Rd5 Bxd2 53. Rxd2 Kf7 54. f5 Rc4 55. e4 1-0

[Event "*** Titled Tuesday Blitz"]
[Site "Chess.com"]
[Date "2020.05.26"]
[Round "7"]
[White "lucliasco"]
[Black "MrTattaglia"]
[Result "1-0"]
[WhiteElo "2714"]
[BlackElo "2971"]
[TimeControl "180+1"]
[EndTime "11:21:34 PDT"]
[Termination "lucliasco won on time"]

1. d4 Nf6 2. Nf3 d5 3. e3 c5 4. Bd3 Nc6 5. O-O Bg4 6. dxc5 e6 7. h3 Bh5 8. b3 Bxc5 9. Bb2 O-O 10. Nbd2 Rc8 11.
a3 a5 12. Qe1 Re8 13. Ne5 Nxe5 14. Bxe5 Bd6 15. Bb2 e5 16. c4 d4 17. Ne4 Bf8 18. Nxf6+ Qxf6 19. exd4 e4 20. Be2 Qg6 21. Bxh5 Qxh5 22. Qe3 a4 23. c5 axb3 24. Qxb3 Qg6 25. Rfd1 Qf5 26. Rac1 Rc6 27. Rc3 h5 28. Rg3 b6 29.
cxb6 Rb8 30. b7 Rc7 31. Qe3 Rbxb7 32. Bc1 Rb1 33. Qe1 Bd6 34. Rg5 Qe6 35. Be3 Rxd1 36. Qxd1 g6 37. Qxh5 Qb3 38. Rxg6+ fxg6 39. Qxg6+ Rg7 40.
Qxd6 Qb1+ 41. Kh2 Kh7 42. Qe6 Kh8 43. Qe8+ Kh7 44. Qh5+ Kg8 45. d5 1-0